 Dungeon Crawl Stone Soup version 0.29-a0-334-gb41bcbb86e (webtiles) character file.

Game seed: 4355236966565715406

63 Dauddaud the Chopper (level 3, 0/33 HPs)
             Began as a Minotaur Berserker on Apr 14, 2022.
             Was a Believer of Trog.
             Slain by an orc priest
             ... wielding a +0 hand axe
              (3 damage)
             ... on level 2 of the Dungeon.
             The game lasted 00:03:42 (1360 turns).

Dauddaud the Chopper (Minotaur Berserker)           Turns: 1360, Time: 00:03:42

Health: 0/33       AC: 11    Str: 21 (23) XL:     3   Next: 89%
Magic:  2/2        EV:  6    Int:  2 (4)  God:    Trog [**....]
Gold:   46         SH:  0    Dex:  8 (11) Spells: 2/2 levels left

rFire   . . .      SeeInvis .   a - +0 hand axe
rCold   . . .      Faith    .   (no shield)
rNeg    . . .      Spirit   .   o - +0 plate armour
rPois   .          Reflect  .   (helmet restricted)
rElec   .          Harm     .   (no cloak)
rCorr   .          Rampage  .   (no gloves)
Will    .....                   (no boots)
Stlth   ..........              (no amulet)
HPRegen 0.91/turn               (no ring)
MPRegen 0.08/turn               (no ring)

@: confused
A: horns 2, retaliatory headbutt, thin skeletal structure 1, regeneration 1
a: Renounce Religion, Berserk, Trog's Hand


You were on level 2 of the Dungeon.
You worshipped Trog.
Trog was pleased with you.
You visited 1 branch of the dungeon, and saw 2 of its levels.

You collected 46 gold pieces.

Inventory:

Hand Weapons
 a - a +0 hand axe (weapon)
Armour
 b - a +0 animal skin
 c - a +0 ring mail
 d - a +0 cloak
 o - a +0 plate armour (worn)
Scrolls
 j - 2 scrolls of enchant armour {unknown}
 k - a scroll of identify {unknown}
 l - a scroll of teleportation {unknown}
 m - a scroll of vulnerability {unknown}
 n - a scroll of magic mapping {unknown}
 p - a scroll of noise {unknown}
Potions
 e - a potion of attraction {unknown}
 g - a potion of mutation
 h - a potion of curing {unknown}
 i - a potion of might


   Skills:
 - Level 4.0 Fighting
 + Level 5.5 Axes
 - Level 2.5 Armour
 - Level 2.3 Dodging


You had 2 spell levels left.
You didn't know any spells.
Your spell library was empty.

Dungeon Overview and Level Annotations

Branches:
Dungeon (2/15)

Altars:


Innate Abilities, Weirdness & Mutations

You have a pair of horns on your head.
You reflexively headbutt those who attack you in melee.
You have a somewhat thin skeletal structure. (Dex +2, Stealth+)
Your natural rate of healing is unusually fast.


Message History

You are too confused!
You are too confused!
You are too confused!
You're too confused to attack without stumbling around!
You miss something. Your headbutt misses something.
You barely miss the orc priest.
You hear some strange, mumbled words.
You are more confused.
You bump into the rock wall.
The orc priest mumbles some strange prayers to Beogh against you.
Beogh smites you! Something hits you but does no damage.
The orc hits you but does no damage.
The orc wizard mumbles some strange words.
The orc wizard flickers and vanishes!
You are too confused!
The orc priest invokes the aid of Beogh against you.
Beogh smites you!
* * * LOW HITPOINT WARNING * * *
You are too confused!
You bump into the rock wall.
Something hits you but does no damage.
You bump into the rock wall.
The orc priest hits you with a +0 hand axe.
* * * LOW HITPOINT WARNING * * *
You hear some strange, mumbled words.
You are more confused.
The orc drinks a potion.
The orc seems to grow stronger.
Okay, then.
It was a potion of mutation.
You feel extremely strange.
Your bones become slightly less dense.
You begin to heal more quickly.
Something hits you but does no damage.
The orc priest hits you but does no damage.
The orc hits you with a +0 club.
* * * LOW HITPOINT WARNING * * *
Okay, then.
Okay, then.
It was a potion of degeneration.
There was something very wrong with that liquid.
You feel weakened.
You feel dopey.
You feel clumsy.
The orc priest hits you with a +0 hand axe.
You die...

##.##.####### #
##.##.#
#######...#<#
#.........### #
#.........# #..
#.....†.<.###
#...#............)
.......ooo.........
#........@.###....#
#......##### ....#
#...... #####
....... .......
.....#. .....#.
.....#.


You could see an orc priest and 2 orcs.

Vanquished Creatures
  3 adders (D:2)
  A worm (D:2)
  A dart slug (D:1)
  5 ball pythons
  2 bats
  4 endoplasms
  A giant cockroach (D:1)
  2 goblins
  4 hobgoblins
  A quokka (D:1)
  2 frilled lizards
  2 kobolds
  5 rats
33 creatures vanquished.

Notes
Turn   | Place    | Note
-------+----------+-------------------------------------------
     0 | D:1      | Dauddaud the Minotaur Berserker began the quest for the
                  | Orb.
     0 | D:1      | Reached XP level 1. HP: 19/19 MP: 0/0
   268 | D:1      | Reached skill level 4 in Axes
   268 | D:1      | Reached XP level 2. HP: 25/27 MP: 1/1
   536 | D:1      | Reached ** piety under Trog
   845 | D:2      | Reached XP level 3. HP: 30/33 MP: 2/2
   944 | D:2      | Reached skill level 5 in Axes
  1359 | D:2      | Gained mutation: You have a somewhat thin skeletal
                  | structure. (Dex +2, Stealth+) [potion of mutation]
  1359 | D:2      | Gained mutation: Your natural rate of healing is unusually
                  | fast. [potion of mutation]
  1360 | D:2      | Slain by an orc priest

Illustrated notes

Levels and vault maps discovered:
D:1:      lemuel_arrival_tunnels, layout_loops_ring
D:2:      layout_basic, chequers_serial_rivers_large_b

Skill      XL: |  1  2  3 |
---------------+----------+-----
Axes           | 4 5 |  5.5
Fighting       | 4 |  4.0
Armour         | |  2.5
Dodging        | |  2.3

Action                   || total
-------------------------++-------
Melee: Hand axe          ||    71
       Headbutt          ||    11
  Use: Potion            ||     2
Armor: Ring mail         ||    24
       Plate armour      ||    20
Dodge: Dodged            ||    51

Table legend: (Time is in decaauts)
 A = Elapsed time spent in this place.
 B = Non-inter-level travel time spent in this place.
 C = Inter-level travel time spent in this place.
 D = Time resting spent in this place.
 E = Time spent auto-exploring this place.
 F = Levels seen in this place.
 G = Mean time per level.
                   A        B        C        D        E       F      G
               +--------+--------+--------+--------+--------+-----+--------+
         Total |   1365 |   1340 |     25 |    113 |   1002 |   2 |  682.5 |
       Dungeon |   1365 |   1340 |     25 |    113 |   1002 |   2 |  682.5 |
               +--------+--------+--------+--------+--------+-----+--------+

Top non-repeatable levels by time:
     D:1: 838 daAuts
     D:2: 526 daAuts
